 Dungeon Crawl Stone Soup version 0.29.1-2-gbd0b4ee654 (webtiles) character file.

Game seed: 6637719873675298139

168 Sabo the Sneak (level 5, 0/36 HPs)
             Began as an Octopode Brigand on Nov 11, 2022.
             Slain by a bullfrog (8 damage)
             ... in a sewer.
             The game lasted 00:18:06 (2826 turns).

Sabo the Sneak (Octopode Brigand)                   Turns: 2826, Time: 00:18:07

Health: 0/36       AC:  1    Str: 12    XL:     5   Next: 49%
Magic:  4/5        EV: 17    Int: 25    God:
Gold:   116        SH:  0    Dex: 14    Spells: 4/5 levels left

rFire   . . .      SeeInvis .   a - +2 dagger
rCold   . . .      Faith    .   (no shield)
rNeg    . . .      Spirit   .   (helmet restricted)
rPois   .          Reflect  .   (no amulet)
rElec   .          Harm     .   e - +6 ring of intelligence
rCorr   .          Rampage  .   j - +6 ring of intelligence
Will    .....                   i - +4 ring of evasion
Stlth   ++++++....              (no ring)
HPRegen 0.12/turn               (no ring)
MPRegen 0.09/turn               (no ring)
                                (no ring)
                                (no ring)

@: no status effects
A: almost no armour, amphibious, 8 rings, camouflage 1, gelatinous body 1,
nimble swimmer 1, tentacles
a: no special abilities


You were in a sewer.
You visited 1 branch of the dungeon, and saw 3 of its levels.
You also visited: Sewer.

You collected 116 gold pieces.

Inventory:

Hand Weapons
 a - a +2 dagger (weapon)
 f - a +0 war axe
Missiles
 b - 8 poisoned darts (quivered)
 c - 3 curare-tipped darts
Jewellery
 e - a +6 ring of intelligence (left tentacle)
 i - a +4 ring of evasion (on tentacle)
 j - a +6 ring of intelligence (right tentacle)
Scrolls
 d - a scroll of enchant weapon
 l - 4 scrolls of teleportation
 o - 2 scrolls of magic mapping {unknown}
 p - a scroll of acquirement {unknown}
 q - 2 scrolls of fog {unknown}
Potions
 g - a potion of haste
 h - a potion of magic {unknown}
 k - 4 potions of curing {unknown}
 m - a potion of heal wounds {unknown}
 n - a potion of cancellation {unknown}
 r - a potion of mutation {unknown}


   Skills:
 + Level 2.8 Fighting
 + Level 2.9 Short Blades
 + Level 2.1 Throwing
 + Level 1.7 Dodging
 + Level 7.3 Stealth
 + Level 0.5 Spellcasting
 + Level 0.6 Conjurations


You had 4 spell levels left.
You knew the following spells:

 Your Spells              Type           Power      Damage    Failure   Level
a - Magic Dart            Conj           16%        1d3       10%         1

Your spell library contained the following spells:

 Spells                   Type           Power      Damage    Failure   Level
 Call Imp                 Summ           0%         N/A       21%         2
 Mephitic Cloud           Conj/Pois/Air  1%         N/A       34%         3
 Confusing Touch          Hex            0%         N/A       36%         3
 Lesser Beckoning         Tloc           0%         N/A       36%         3
 Dispel Undead            Necr           0%         3d6       78%         4
 Yara's Violent Unravell  Hex/Tmut       0%         3d3       98%         5
 Death Channel            Necr           0%         N/A       100%        6
 Enfeeble                 Hex            0%         N/A       100%        7


Dungeon Overview and Level Annotations

Branches:
Dungeon (3/15)              Sewer (1/1)

Altars:


Innate Abilities, Weirdness & Mutations

You cannot wear most types of armour.
You are amphibious.
You can wear up to eight rings at the same time.
Your skin changes colour to match your surroundings (Stealth+).
Your rubbery body absorbs attacks. (AC +1, EV +1)
You are camouflaged when in or above water. (Stealth+)
You have tentacles for arms and can constrict up to eight enemies at once.


Message History

You barely miss the adder. You grab the adder. You constrict the adder.
The adder barely misses you.
You hit the adder.
The adder is moderately wounded.
You constrict the adder. The adder closely misses you.
You hit the adder.
The adder is severely wounded.
You constrict the adder.
The frilled lizard hisses angrily.
A bullfrog comes into view.
The adder completely misses you.
A bullfrog comes into view.
The adder misses you.
The ball python hisses angrily.
The bullfrog gives a loud, deep croak!
The adder hisses angrily.
You hit the adder.
You kill the adder!
You hear an angry hiss.
An adder comes into view.
An adder comes into view.
The adder bites you. The bullfrog attacks as you move away!
The bullfrog hits you! The bullfrog barely misses you.
You hit the bullfrog but do no damage. You grab the bullfrog.
You squeeze the bullfrog!
The bullfrog is heavily wounded.
You constrict the bullfrog. The adder bites you but does no damage.
The bullfrog completely misses you.
You hit the bullfrog.
The bullfrog is heavily wounded.
You constrict the bullfrog. The bullfrog closely misses you.
The adder bites you. The adder barely misses you. The bullfrog hits you!
* * * LOW HITPOINT WARNING * * *
The adder misses you.
You hit the bullfrog.
The bullfrog is severely wounded.
You constrict the bullfrog. The adder bites you.
* * * LOW HITPOINT WARNING * * *
The bullfrog hits you!
You die...

###.#≈≈≈≈≈≈≈#≈#~~≈≈≈.†....#
####################....#
##...## #####...# #..'....#
#..#....# ####...##
##################....#
#≈≈≈≈≈FF@≈≈≈≈≈≈≈#.....#
...~≈≈≈†l≈SSS≈≈≈≈≈≈~....##
...~≈~~~≈≈≈≈≈≈≈~~~~~....#
..S~~≈≈~~#≈≈#~~~≈≈≈~....#
...~≈≈≈≈≈~..~≈≈≈≈≈≈~...##
...#≈≈≈≈≈≈≈≈≈≈≈≈≈≈≈..###
######################


You could see 2 bullfrogs, 2 adders, a ball python and a frilled lizard.

Vanquished Creatures
  5 adders
  4 river rats
  A worm (D:3)
  A dart slug (D:1)
  5 endoplasms
  4 giant cockroaches
  3 goblins (D:1)
  3 hobgoblins
  A quokka (D:3)
  16 ball pythons
  6 bats
  4 frilled lizards
  3 kobolds
  39 rats
95 creatures vanquished.

Notes
Turn   | Place    | Note
-------+----------+-------------------------------------------
     0 | D:1      | Sabo the Octopode Brigand began the quest for the Orb.
     0 | D:1      | Reached XP level 1. HP: 14/14 MP: 1/1
   190 | D:1      | Reached XP level 2. HP: 19/19 MP: 2/2
   195 | D:1      | Reached skill level 6 in Stealth
   792 | D:1      | Reached XP level 3. HP: 21/24 MP: 3/3
  1171 | D:2      | Got the Lectures on Direction and Left-Handed Secrets
  1499 | D:2      | Learned a level 1 spell: Magic Dart
  1730 | D:3      | Reached XP level 4. HP: 28/30 MP: 1/4
  1768 | D:3      | Found a glowing drain.
  1790 | Sewer    | Entered a sewer
  2022 | Sewer    | Reached skill level 7 in Stealth
  2551 | Sewer    | Reached XP level 5. HP: 35/35 MP: 1/5
  2826 | Sewer    | Slain by a bullfrog

Illustrated notes

Levels and vault maps discovered:
D:1:      amcnicky_arrival_feature_with_door, layout_loops_cross
D:2:      layout_basic
D:3:      layout_basic, grunt_temple_overflow_order_and_chaos_2,
          gammafunk_temple_overflow_elements,
          shapermc_ecumenical_altar_acropolis, gup_sewer_entry_spiral
Sewer:    sewer_minmay_w

Skill      XL: |  1  2  3  4 |
---------------+-------------+-----
Stealth        | 6 7 |  7.3
Fighting       | |  2.8
Short Blades   | |  2.9
Throwing       | |  2.1
Dodging        | |  1.7
Spellcasting   | |  0.5
Conjurations   | |  0.6

Action                   |  1- 3 |  4- 6 || total
-------------------------+-------+-------++-------
Melee: Dagger            |    78 |    72 ||   150
       Constrict         |    17 |    17 ||    34
       Tentacles         |    12 |    13 ||    25
       Punch             |       |     1 ||     1
Throw: Dart              |     2 |     8 ||    10
 Cast: Magic Dart        |     4 |    44 ||    48
  Use: Scroll            |     4 |       ||     4
 Stab: Sleeping          |    11 |     2 ||    13
Armor: Skin              |     7 |     3 ||    10
Dodge: Dodged            |    39 |    73 ||   112
